 Dungeon Sprint DCSS version 0.23.0-3-gf3c87f2 (webtiles) character file.

Game seed: 8798810914057731220

308 nuthulu the Blocker (level 6, 0/63 HPs)
             Began as a Minotaur Fighter on Feb 21, 2019.
             Was an Initiate of Yredelemnul.
             Slain by a jumping spider (5 damage)
             ... summoned by a deep elf mage
             ... in the Dungeon (Sprint III: "The Ten Rune Challenge").
             The game lasted 00:02:03 (598 turns).

nuthulu the Blocker (Minotaur Fighter)               Turns: 598, Time: 00:02:03

Health: 0/63       AC:  9    Str: 23    XL:     6   Next: 17%
Magic:  5/5        EV:  8    Int:  5    God:    Yredelemnul [......]
Gold:   16         SH: 11    Dex:  9    Spells: 5/5 levels left

rFire    + + +     SeeInvis .   a - +0 war axe
rCold    . . .     Gourm    .   c - +0 shield
rNeg     . . .     Faith    .   b - +0 scale mail
rPois    .         Spirit   .   (helmet restricted)
rElec    .         Reflect  .   (no cloak)
rCorr    .         Harm     .   (no gloves)
MR       .....     NoTele   +   (no boots)
Stlth    ..........             (no amulet)
HPRegen  0.20/turn              (no ring)
MPRegen  0.09/turn              (no ring)

@: lightly drained
A: retaliatory headbutt, horns 2, rugged brown scales 1, fire resistance 3
a: Renounce Religion


You were in the Dungeon.
You worshipped Yredelemnul.
Yredelemnul was noncommittal.
You were not hungry.

You visited 1 branch You collected 16 gold pieces.

Inventory:

Hand Weapons
 a - a +0 war axe (weapon)
Armour
 b - a +0 scale mail (worn)
 c - a +0 shield (worn)
Scrolls
 k - a scroll of blinking
 l - a scroll of torment
 m - a scroll of amnesia
 o - 2 scrolls of remove curse
 q - a scroll of immolation
Potions
 e - a potion of curing
 h - a potion of mutation
 i - 2 potions of magic
 r - a potion of flight
Comestibles
 d - 3 chunks of flesh
 f - 3 rations


   Skills:
 + Level 8.6(8.0) Fighting
 + Level 8.1(7.5) Axes
 + Level 8.6(8.0) Armour
 + Level 8.6(8.0) Shields


You had 5 spell levels left.
You didn't know any spells.
Your spell library contained the following spells:

 Spells                   Type           Power        Failure   Level  Hunger
 Animate Skeleton         Necr           N/A          96%         1    ##.....
 Apportation              Tloc           #.....       96%         1    ##.....
 Confusing Touch          Hex            #.....       96%         1    ##.....
 Summon Small Mammal      Summ           #...         96%         1    ##.....


Dungeon Overview and Level Annotations

Branches:
Dungeon (1/1)

Altars:
Dithmenos
Elyvilon
Kikubaaqudgha
Ru
Sif Muna
Vehumet
Yredelemnul
Zin
The Shining One


Innate Abilities, Weirdness & Mutations

You reflexively headbutt those who attack you in melee.
You have a pair of horns on your head.
You are partially covered in rugged brown scales. (AC +1, +3% HP)
Your flesh is almost immune to the effects of heat. (rF+++)


Message History

Unknown command.
You slash the deep elf mage!
The deep elf mage is severely wounded.
You hit the hellwing but do no damage.
The deep elf mage casts a spell.
The hellwing hits you but does no damage.
You block the hellwing's attack.
The red devil hits you from afar with a +0 trident!
* * * LOW HITPOINT WARNING * * *
Unknown command.
Unknown command.
You slash the deep elf mage!
You headbutt the deep elf mage, but do no damage.
The deep elf mage is almost dead.
You slash the hell rat! You slash the jumping spider!
You hit the hellwing but do no damage.
The deep elf mage mumbles some strange words.
You block the jumping spider's attack. The jumping spider bites you.
You die...
Your body rises from the dead as a mindless zombie.

▓▓▓▓▓ ▓▓▓ #)..####
##.##### ####
#......#####..#4rs# #__#
#....)..#.!#..#e@s# #._#
##.##...#..#..###r#+###)##
##.###..##'#..#...4......#
###.##..###...+.⌠........#
#..##..####...#...######+#
÷..##..###....#.⌠.#
†.##..÷##.....#...#
.##....#.†....#'###
###..##.#.....#.))#


You could see a hellwing, a deep elf mage, 2 jumping spiders, a red devil and 2
hell rats.

Vanquished Creatures
  A necrophage (D)
  A water elemental (D)
  A scorpion (D)
  A wizard (D)
  Jessica (D)
  A necromancer (D)
  A kobold demonologist (D)
  A human (D)
  2 rats (D)
10 creatures vanquished.

Vanquished Creatures (others)
  2 draconian scorchers (D)
  6 hellions (D)
  A yaktaur (D)
  5 plants (D)
14 creatures vanquished.

Grand Total: 24 creatures vanquished

Notes
Turn   | Place    | Note
-------+----------+-------------------------------------------
     0 | D        | nuthulu the Minotaur Fighter began the quest for the Orb.
     0 | D        | Reached XP level 1. HP: 19/19 MP: 0/0
    33 | D        | Noticed Jessica
    37 | D        | Killed Jessica
    37 | D        | Reached skill level 5 in Fighting
    37 | D        | Reached skill level 5 in Armour
    37 | D        | Reached skill level 5 in Shields
    37 | D        | Reached XP level 2. HP: 29/29 MP: 1/1
    69 | D        | Reached XP level 3. HP: 3/36 MP: 2/2
    81 | D        | Killed a hellion
    82 | D        | Killed a hellion
   103 | D        | Killed a yaktaur
   142 | D        | Killed a white draconian scorcher
   142 | D        | Killed a hellion
   142 | D        | Killed a white draconian scorcher
   144 | D        | Killed a hellion
   155 | D        | Killed a hellion
   247 | D        | Killed a hellion
   336 | D        | Noticed a scorpion
   346 | D        | Killed a scorpion
   346 | D        | Reached skill level 5 in Axes
   346 | D        | Reached XP level 4. HP: 45/45 MP: 3/3
   374 | D        | Noticed a water elemental
   379 | D        | Killed a water elemental
   379 | D        | Reached XP level 5. HP: 52/52 MP: 4/4
   457 | D        | Gained mutation: You are dopey. (Int -2) [potion of
                  | mutation]
   457 | D        | Gained mutation: You evolve. [potion of mutation]
   457 | D        | Gained mutation: You are clumsy. (Dex -2) [potion of
                  | mutation]
   457 | D        | Gained mutation: Your spells are a little harder to cast,
                  | but a little more powerful. [potion of mutation]
   458 | D        | Lost mutation: Your spells are a little harder to cast, but
                  | a little more powerful. [potion of mutation]
   458 | D        | Lost mutation: You are clumsy. (Dex -2) [potion of
                  | mutation]
   458 | D        | Lost mutation: You evolve. [potion of mutation]
   458 | D        | Gained mutation: Potions are less effective at restoring
                  | your health. [potion of mutation]
   458 | D        | Lost mutation: You are dopey. (Int -2) [potion of mutation]
   458 | D        | Gained mutation: You are agile. (Dex +2) [potion of
                  | mutation]
   459 | D        | Lost mutation: You are agile. (Dex +2) [potion of mutation]
   459 | D        | Lost mutation: Potions are less effective at restoring your
                  | health. [potion of mutation]
   459 | D        | Gained mutation: You have large cloven feet. [potion of
                  | mutation]
   459 | D        | Gained mutation: You have hoof-like feet. [potion of
                  | mutation]
   460 | D        | Lost mutation: You have hoof-like feet. [potion of
                  | mutation]
   460 | D        | Gained mutation: You occasionally shout uncontrollably at
                  | your foes. [potion of mutation]
   460 | D        | Gained mutation: You are somewhat resistant to further
                  | mutation. [potion of mutation]
   461 | D        | Lost mutation: You have large cloven feet. [potion of
                  | mutation]
   461 | D        | Lost mutation: You are somewhat resistant to further
                  | mutation. [potion of mutation]
   461 | D        | Lost mutation: You occasionally shout uncontrollably at
                  | your foes. [potion of mutation]
   461 | D        | Gained mutation: Your flesh is heat resistant. (rF+)
                  | [potion of mutation]
   461 | D        | Gained mutation: Your flesh is very heat resistant. (rF++)
                  | [potion of mutation]
   461 | D        | Gained mutation: Your flesh is almost immune to the effects
                  | of heat. (rF+++) [potion of mutation]
   461 | D        | Gained mutation: You are partially covered in rugged brown
                  | scales. (AC +1, +3% HP) [potion of mutation]
   469 | D        | Found a basalt altar of Yredelemnul.
   469 | D        | Found a shadowy altar of Dithmenos.
   469 | D        | Found a sacrificial altar of Ru.
   469 | D        | Noticed a necrophage
   478 | D        | Killed a necrophage
   481 | D        | Became a worshipper of Yredelemnul the Dark
   511 | D        | Found a radiant altar of Vehumet.
   512 | D        | Found a deep blue altar of Sif Muna.
   512 | D        | Found an ancient bone altar of Kikubaaqudgha.
   513 | D        | Noticed a hellwing
   513 | D        | Reached XP level 6. HP: 62/62 MP: 5/5
   585 | D        | Found a glowing silver altar of Zin.
   585 | D        | Found a glowing golden altar of the Shining One.
   585 | D        | Found a white marble altar of Elyvilon.
   586 | D        | Noticed a deep elf mage
   590 | D        | Noticed a red devil
   596 | D        | Noticed a hellwing
   598 | D        | Noticed a jumping spider
   598 | D        | Slain by a jumping spider

Skill      XL: |  1  2  3  4  5 |
---------------+----------------+-----
Fighting       | 5 6 7 8 |  8.6
Axes           | 4 5 6 8 |  8.1
Armour         | 5 6 7 8 |  8.6
Shields        | 5 6 7 8 |  8.6

Action                   |  1- 3 |  4- 6 || total
-------------------------+-------+-------++-------
Melee: War axe           |    31 |    25 ||    56
       Headbutt          |     4 |     5 ||     9
  Use: Potion            |     1 |     8 ||     9
       Scroll            |       |     5 ||     5
Armor: Scale mail        |     8 |    12 ||    20
Dodge: Dodged            |     9 |    15 ||    24
Block: Shield            |    10 |    21 ||    31
